 Dungeon Crawl Stone Soup version 0.23-a0-448-g1c01f63178 (webtiles) character file.

2663 Azzok the Severer (level 9, -3/70 HPs)
             Began as a Hill Orc Fighter on Nov 20, 2018.
             Was a Follower of Okawaru.
             Slain by an eight-headed hydra (10 damage)
             ... on level 7 of the Dungeon.
             The game lasted 00:10:15 (7728 turns).

Azzok the Severer (Hill Orc Fighter)                Turns: 7728, Time: 00:10:16

Health: -3/70      AC: 19    Str: 22    XL:     9   Next: 63%
Magic:  11/13      EV:  7    Int:  8    God:    Okawaru [*.....]
Gold:   502        SH: 11    Dex: 10    Spells: 8/8 levels left

rFire    . . .     SeeInvis .   d - +2 whip (elec)
rCold    . . .     Gourm    .   c - +0 shield
rNeg     . . .     Faith    .   E - +4 plate armour {ponderous}
rPois    .         Spirit   .   (no helmet)
rElec    .         Reflect  .   (no cloak)
rCorr    .         Harm     .   (no gloves)
MR       .....                  g - +0 pair of boots
Stlth    ..........             (no amulet)
HPRegen  0.21/turn              (no ring)
MPRegen  0.13/turn              (no ring)

@: heroism, hasted, very quick
A: no striking features
a: Heroism, Renounce Religion


You were on level 7 of the Dungeon.
You worshipped Okawaru.
Okawaru was aware of your devotion.
You were not hungry.

You visited 2 branches of the dungeon, and saw 8 of its levels.

You collected 502 gold pieces.

Inventory:

Hand Weapons
 a - a +0 war axe
 d - a +2 whip of electrocution (weapon)
Missiles
 B - a throwing net (quivered)
 D - 20 poisoned needles
Armour
 c - a +0 shield (worn)
 g - a +0 pair of boots (worn)
 E - a +4 plate armour of ponderousness (worn)
Jewellery
 t - a +2 ring of strength
Scrolls
 b - 3 scrolls of teleportation {unknown}
 e - 4 scrolls of fog {unknown}
 i - a scroll of amnesia {unknown}
 k - a scroll of random uselessness {unknown}
 l - a scroll of noise {unknown}
 o - a scroll of immolation {unknown}
 p - a scroll of magic mapping {unknown}
 q - 7 scrolls of remove curse {unknown}
 r - a scroll of blinking {unknown}
 s - 2 scrolls of enchant armour {unknown}
 x - 5 scrolls of identify {unknown}
 y - 4 scrolls of fear {unknown}
 z - a scroll of enchant weapon {unknown}
Potions
 h - a potion of mutation {unknown}
 j - 2 potions of curing {unknown}
 m - a potion of agility {unknown}
 n - a potion of flight {unknown}
 u - 3 potions of heal wounds {unknown}
 v - a potion of lignification {unknown}
 w - a potion of brilliance {unknown}
 C - a potion of magic {unknown}
 G - a potion of cancellation {unknown}
Comestibles
 f - 13 rations
 F - 8 chunks of flesh


   Skills:
 - Level 3.6(8.6) Fighting
 * Level 15.0(20.0) Axes
 - Level 3.2(8.2) Armour
 - Level 3.2(8.2) Shields
 + Level 5.3 Invocations


You had 8 spell levels left.
You didn't know any spells.
Your spell library contained the following spells:

 Spells                   Type           Power        Failure   Level  Hunger
 Magic Dart               Conj           #...         100%        1    ##.....
 Blink                    Tloc           N/A          100%        2    ###....
 Call Imp                 Summ           #.......     100%        2    ###....
 Slow                     Hex            #.......     100%        2    ###....
 Conjure Flame            Conj/Fire      #.......     100%        3    ####...
 Mephitic Cloud           Conj/Pois/Air  #.......     100%        3    ####...


Dungeon Overview and Level Annotations

Branches:
Dungeon (7/15)             Temple (1/1) D:6

Altars:
Ashenzari
Dithmenos
Elyvilon
Fedhas
Gozag
Hepliaklqana
Makhleb
Okawaru
Qazlal
Ru
Sif Muna
Trog
Vehumet
Wu Jian
Xom
Yredelemnul
Zin

Annotations:
D:4 2 transporters, hemabe's ghost, amateur HuAr
D:7 1 runed door


Message History

The eight-headed hydra bites you but does no damage.
You block the eight-headed hydra's attack.
The eight-headed hydra bites you but does no damage.
The eight-headed hydra barely misses you.
You hit the eight-headed hydra.
Lightning courses through the eight-headed hydra!
The eight-headed hydra is lightly wounded.
Your shield prevents you from hitting the eight-headed hydra.
The eight-headed hydra is lightly wounded.
You whack the eight-headed hydra!
The eight-headed hydra is moderately wounded.
The eight-headed hydra barely misses you. x2
You block the eight-headed hydra's attack.
The eight-headed hydra bites you but does no damage. x2
The eight-headed hydra bites you!
* * * LOW HITPOINT WARNING * * *
The eight-headed hydra bites you.
* * * LOW HITPOINT WARNING * * *
The eight-headed hydra bites you!
You die...

······▒ ▒▒▒▒···▒▒▒ ▒····
·▒▒▒··▒ ▒▒▒···▒▒▒ ▒····
▒▒ ▒··▒
▒▒··▒▒▒···▒▒▒···· ▒··▒
▒▒▒··▒▒ ▒▒▒···▒▒▒▒▒ ▒··▒
▒··▒·▒·▒ ▒▒▒···▒ ▒··▒ ▒▒
▒·▒▒·▒▒ ▒▒▒÷▒▒▒ ▒··▒ ·
▒·o▒···o ▒···· ▒··▒
▒·▒▒D▒·▒▒▒o ▒··▒▒ ▒··▒ ·
▒@▒·▒·▒D·▒ ▒▒▒··▒ ▒··▒▒▒
▒▒·▒·▒·▒▒·▒▒▒▒▒·▒··▒
▒····▒▒▒ ▒··▒·▒·· ▒
▒▒·▒▒··▒ ▒······▒▒▒····▒
▒▒·▒▒▒··▒
▒▒▒······▒▒▒··▒▒▒▒▒▒▒·▒▒
▒··▒
▒▒▒······▒▒▒·······▒▒
▒··▒
▒▒▒······▒▒▒▒▒▒▒▒·▒▒
▒··▒ ▒▒▒·······▒▒▒
▒▒·▒▒▒··▒
▒▒▒·······▒▒▒▒▒·▒▒··▒


You could see an eight-headed hydra and an orc warrior.

Vanquished Creatures
  Pikel (D:7)
  Menkaure (D:5)
  Duvessa (D:5)
  A phantom (D:5)
  A sky beast (D:6)
  A slave (D:7)
  A black bear (D:5)
  3 ogres
  2 ice beasts (D:6)
  2 centaurs
  4 bullfrogs
  2 scorpions
  Dowan (D:5)
  A killer bee (D:6)
  2 hounds
  An orc priest (D:3)
  A bullfrog skeleton (D:5)
  2 gnoll shamans
  2 orc wizards
  2 iguanas
  3 worker ants
  A hound zombie (D:7)
  A hound skeleton (D:6)
  12 gnolls
  7 adders
  A shadow imp (D:6)
  2 oozes
  An adder zombie (D:3)
  3 worms
  5 dart slugs
  A leopard gecko (D:1)
  12 orcs
  4 ball pythons
  6 giant cockroaches
  2 goblins
  4 hobgoblins
  13 jackals
  7 kobolds
  A quokka (D:7)
  3 bats
  5 frilled lizards
  A jackal skeleton (D:5)
  8 rats
135 creatures vanquished.

Notes
Turn   | Place    | Note
-------+----------+-------------------------------------------
     0 | D:1      | Azzok the Hill Orc Fighter began the quest for the Orb.
     0 | D:1      | Reached XP level 1. HP: 19/19 MP: 1/1
    45 | D:1      | Reached skill level 3 in Axes
    65 | D:1      | Reached XP level 2. HP: 14/26 MP: 2/2
    78 | D:1      | Reached skill level 4 in Axes
   627 | D:1      | Reached XP level 3. HP: 31/31 MP: 3/3
  1036 | D:2      | Reached skill level 5 in Axes
  2058 | D:2      | Noticed an ogre
  2067 | D:2      | Killed an ogre
  2067 | D:2      | Reached skill level 7 in Axes
  2067 | D:2      | Reached XP level 4. HP: 14/39 MP: 4/4
  2067 | D:2      | Reached XP level 5. HP: 17/45 MP: 5/5
  2657 | D:3      | Reached skill level 8 in Axes
  2657 | D:3      | Reached XP level 6. HP: 29/51 MP: 6/6
  3365 | D:4      | Found a transporter.
  3367 | D:4      | Noticed hemabe's ghost (amateur HuAr)
  3375 | D:4      | Found a transporter.
  3593 | D:4      | Reached skill level 9 in Axes
  3729 | D:4      | Reached XP level 7. HP: 57/57 MP: 7/7
  3940 | D:4      | Reached skill level 10 in Axes
  4314 | D:5      | Entered Level 5 of the Dungeon
  4314 | D:5      | Noticed Duvessa
  4314 | D:5      | Noticed Dowan
  4327 | D:5      | Killed Duvessa
  4332 | D:5      | Reached skill level 11 in Axes
  4336 | D:5      | Killed Dowan
  4336 | D:5      | Reached XP level 8. HP: 46/64 MP: 8/8
  4514 | D:5      | Noticed Menkaure
  4526 | D:5      | Killed Menkaure
  4526 | D:5      | Reached skill level 12 in Axes
  4891 | D:5      | HP: 3/64 [ogre/+0 giant club (13)]
  5539 | D:5      | Found a glowing silver altar of Zin.
  5554 | D:6      | Found a shimmering altar of Xom.
  5554 | D:6      | Found a shadowy altar of Dithmenos.
  5554 | D:6      | Found a burning altar of Makhleb.
  5554 | D:6      | Found a shattered altar of Ashenzari.
  5558 | D:6      | Reached skill level 13 in Axes
  5679 | D:6      | Found a staircase to the Ecumenical Temple.
  5820 | Temple   | Entered the Ecumenical Temple
  5969 | Temple   | Became a worshipper of Warmaster Okawaru
  6140 | D:6      | Reached skill level 1 in Invocations
  6344 | D:6      | Reached XP level 9. HP: 52/70 MP: 10/10
  6686 | D:6      | Reached skill level 14 in Axes
  7102 | D:7      | Found a radiant altar of Vehumet.
  7102 | D:7      | Found a large runed door.
  7253 | D:7      | Noticed Pikel
  7279 | D:7      | Killed Pikel
  7279 | D:7      | Reached * piety under Okawaru
  7465 | D:7      | Reached skill level 5 in Invocations
  7638 | D:7      | Reached skill level 15 in Axes
  7709 | D:7      | Noticed an eight-headed hydra
  7728 | D:7      | Slain by an eight-headed hydra

Vault maps used:
D:1:      psy_arrival_dodecagon
D:2:      first_ration, minivault_5
D:3:      cheibrodos_pilgrimage, minmay_misc_feat_enclosed,
          small_statue_intersection
D:4:      gammafunk_ghost_arena
D:5:      kennysheep_mini, uniq_duvessa, uniq_menkaure
D:6:      chequers_temple_overflow_statue_of_worship,
          minmay_temple_entry_large_hall, kennysheep_generic_room_3
D:7:      minmay_the_grid_triangle_9x9_rhombus_thin, basic_altar,
          ebering_ghost_disaster_area, uniq_pikel
Temple:   regret_index_temple_sphere_string

Skill      XL: |  1  2  3  4  5  6  7  8  9 |
---------------+----------------------------+-----
Axes           | 3 4 7 8 9 11 13 15 | 15.0
Invocations    | 2 5 |  5.3
Fighting       | |  3.6
Armour         | |  3.2
Shields        | |  3.2

Action                   |  1- 3 |  4- 6 |  7- 9 || total
-------------------------+-------+-------+-------++-------
Melee: War axe           |   125 |   133 |   190 ||   448
       Whip              |       |       |   143 ||   143
Invok: Heroism           |       |       |     1 ||     1
  Use: Potion            |       |     1 |     2 ||     3
  Eat: Chunk             |     3 |     6 |    13 ||    22
Armor: Plate armour      |   107 |    78 |   139 ||   324
       Scale mail        |     3 |       |       ||     3
Dodge: Dodged            |    18 |    16 |    36 ||    70
Block: Shield            |    85 |    51 |   117 ||   253

Table legend:
 A = Non-vault XP
 B = Vault XP
 C = Vault XP percentage of total XP
 D = Non-vault monster count
 E = Vault monster count
 F = Vault count percentage of total count
                 A         B        C        D         E       F
            +---------+---------+-------+---------+---------+-------
      Total |    2646 |    1159 |  30.5 |     123 |      11 |   8.2
            +---------+---------+-------+---------+---------+-------
        D:1 |      51 |       0 |   0.0 |      25 |       0 |   0.0
        D:2 |     150 |       0 |   0.0 |      10 |       0 |   0.0
        D:3 |      42 |      95 |  69.3 |      11 |       6 |  35.3
        D:4 |     467 |       0 |   0.0 |      31 |       0 |   0.0
        D:5 |     596 |     386 |  39.3 |      20 |       3 |  13.0
        D:6 |     883 |      37 |   4.0 |      18 |       1 |   5.3
        D:7 |     457 |     641 |  58.4 |       8 |       1 |  11.1
            +---------+---------+-------+---------+---------+-------
